 Dungeon Crawl Stone Soup version 0.29.0-11-gd7f09526c8 (webtiles) character file.

Game seed: 14276011023158457894

592 SensoryNuts the Chopper (level 7, -1/60 HPs)
             Began as a Hill Orc Fighter on Sept 2, 2022.
             Slain by a gnoll
             ... wielding a +0 halberd
             ... led by a gnoll sergeant
              (8 damage)
             ... on level 4 of the Dungeon.
             The game lasted 00:04:38 (3841 turns).

SensoryNuts the Chopper (Hill Orc Fighter)          Turns: 3841, Time: 00:04:39

Health: -1/60      AC: 16    Str: 20    XL:     7   Next: 39%
Magic:  7/7        EV:  9    Int:  7    God:
Gold:   159        SH:  5    Dex: 14    Spells: 6/6 levels left

rFire   + . .      SeeInvis .   a - +0 war axe (protect)
rCold   . . .      Faith    .   c - +0 buckler
rNeg    . . .      Spirit   .   b - +0 scale mail
rPois   .          Reflect  .   (helmet restricted)
rElec   .          Harm     .   (no cloak)
rCorr   .          Rampage  .   e - +0 pair of gloves of Vehumet's Scorn {rF+}
Will    .....                   k - +0 pair of boots
Stlth   ..........              (no amulet)
HPRegen 0.20/turn               (no ring)
MPRegen 0.10/turn               (no ring)

@: under a protective aura
A: beak, agile 1
a: no special abilities


You were on level 4 of the Dungeon.
You visited 1 branch of the dungeon, and saw 4 of its levels.

You collected 159 gold pieces.

Inventory:

Hand Weapons
 a - a +0 war axe of protection (weapon)
Armour
 b - a +0 scale mail (worn)
 c - a +0 buckler (worn)
 e - the +0 pair of gloves of Vehumet's Scorn (worn) {rF+}
   (You found it on level 4 of the Dungeon)

   rF:        It protects you from fire.
 k - a +0 pair of boots (worn)
 n - a +1 helmet
Wands
 d - a wand of quicksilver (9)
 o - a wand of polymorph (3)
Scrolls
 h - a scroll of poison
 j - a scroll of enchant armour
Potions
 g - 3 potions of degeneration
 i - a potion of ambrosia
 l - a potion of attraction


   Skills:
 + Level 4.8 Fighting
 * Level 7.6 Axes
 + Level 5.2 Armour
 + Level 1.0 Dodging
 + Level 0.4 Stealth
 + Level 3.9 Shields


You had 6 spell levels left.
You didn't know any spells.
Your spell library contained the following spells:

 Spells                   Type           Power      Damage    Failure   Level
 Apportation              Tloc           0%         N/A       86%         1
 Ensorcelled Hibernation  Hex/Ice        0%         N/A       94%         2
 Passwall                 Tmut/Erth      0%         N/A       94%         2
 Frozen Ramparts          Ice            0%         1d1       99%         3
 Swiftness                Air            0%         N/A       99%         3
 Ice Form                 Ice/Tmut       0%         N/A       100%        4
 Summon Ice Beast         Ice/Summ       0%         N/A       100%        4
 Alistair's Intoxication  Tmut/Pois      0%         N/A       100%        5


Dungeon Overview and Level Annotations

Branches:
Dungeon (4/15)
 Temple: D:4-7

Altars:

Shops:
D:1 !


Innate Abilities, Weirdness & Mutations

You have a beak for a mouth.
You are agile. (Dex +4, Str/Int -1)


Message History

Unknown command.
You closely miss the gnoll sergeant. You peck the gnoll sergeant.
The gnoll sergeant is lightly wounded.
You closely miss the gnoll. You hit the giant cockroach.
You block the gnoll's attack. The gnoll barely misses you.
The gnoll sergeant hits you but does no damage.
Space warps horribly around you!
The giant cockroach bites you but does no damage.
You are too injured to fight recklessly!
Unknown command.
Unknown command.
You are too injured to fight recklessly!
Unknown command.
Unknown command.
Okay, then.
Okay, then.
Unknown command.
You hit the gnoll sergeant.
The gnoll sergeant is moderately wounded.
You hit the gnoll. You slash the giant cockroach!
You kill the giant cockroach!
The gnoll hits you from afar with a +0 halberd.
You block the gnoll's attack.
The gnoll sergeant hits you with a +1 spear of distortion.
Space warps around you.
* * * LOW HITPOINT WARNING * * *
You slash the gnoll sergeant!
The gnoll sergeant is severely wounded.
You hit the gnoll. You hit the hobgoblin. The hobgoblin barely misses you.
The gnoll hits you but does no damage. You block the gnoll sergeant's attack.
You hit the gnoll sergeant. You peck the gnoll sergeant.
You kill the gnoll sergeant!
You slash the gnoll! You barely miss the worm. You slash the hobgoblin!
You kill the hobgoblin!
You barely miss the gnoll. The gnoll hits you but does no damage.
You block the gnoll's attack.
The gnoll hits you from afar with a +0 halberd!
* * * LOW HITPOINT WARNING * * *
The gnoll hits you from afar with a +0 halberd!
You die...

..$....... #. ..........
#. #.........
##.####..........
#............... .
#......#..........
#.....)#......#.
####.....)..w......
.....$...gg@)...###
........###gg#.###
........###......####
..........#)........#
........#...........# .##
#####..##.##..<.....##....
#... #...............g.
#..#. #..#........#.....
#.##....##..............


You could see a worm, 3 gnolls and a goblin.

Vanquished Creatures
  Grinder (D:3)
  Sigmund (D:3)
  A gnoll sergeant (D:4)
  A scorpion (D:3)
  Ijyb (D:3)
  Terence (D:3)
  5 adders (D:3)
  2 gnolls
  2 worms
  A dart slug (D:3)
  11 ball pythons
  6 endoplasms
  4 giant cockroaches
  3 goblins (D:2)
  9 hobgoblins
  5 quokkas
  8 bats
  3 frilled lizards
  7 kobolds
  3 rats
75 creatures vanquished.

Notes
Turn   | Place    | Note
-------+----------+-------------------------------------------
     0 | D:1      | SensoryNuts the Hill Orc Fighter began the quest for the
                  | Orb.
     0 | D:1      | Reached XP level 1. HP: 19/19 MP: 1/1
   147 | D:1      | Found Esemies's Distillery.
   195 | D:1      | Reached XP level 2. HP: 27/27 MP: 2/2
   224 | D:1      | Reached skill level 3 in Axes
   266 | D:1      | Found a faded altar of an unknown god.
   904 | D:2      | Reached XP level 3. HP: 32/33 MP: 3/3
  2102 | D:3      | Reached XP level 4. HP: 40/40 MP: 4/4
  2113 | D:3      | Noticed Grinder
  2113 | D:3      | Paralysed by Grinder for 4 turns
  2125 | D:3      | HP: 1/40 [Grinder (6)]
  2126 | D:3      | Killed Grinder
  2127 | D:3      | Reached skill level 5 in Axes
  2127 | D:3      | Reached XP level 5. HP: 1/47 MP: 5/5
  2127 | D:3      | Reached XP level 6. HP: 1/53 MP: 6/6
  2496 | D:3      | Noticed Sigmund
  2497 | D:3      | Noticed Ijyb
  2515 | D:3      | Killed Sigmund
  2516 | D:3      | Reached skill level 6 in Axes
  2516 | D:3      | Reached skill level 5 in Armour
  2523 | D:3      | Killed Ijyb
  2524 | D:3      | Reached XP level 7. HP: 28/60 MP: 7/7
  2747 | D:3      | Identified the +7 dagger of Cusouss {venom, rC+ Int+2}
  2919 | D:3      | Reached skill level 7 in Axes
  2919 | D:3      | Reached skill level 1 in Dodging
  3247 | D:3      | Noticed Terence
  3409 | D:3      | Killed Terence
  3798 | D:4      | Identified the +0 pair of gloves of Vehumet's Scorn {rF+}
  3829 | D:4      | Gained mutation: You are agile. (Dex +4, Str/Int -1)
                  | [potion of mutation]
  3829 | D:4      | Gained mutation: You have a beak for a mouth. [potion of
                  | mutation]
  3841 | D:4      | Slain by a gnoll

Illustrated notes

Levels and vault maps discovered:
D:1:      erik_arrival_blinker_ship, layout_loops_ring,
          hellmonk_ecumenical_altar_pennies_from_heaven, serial_shops,
          nicolae_shop_statue_plus
D:2:      layout_loops_ring, minmay_misc_feat_hallway
D:3:      layout_rooms, dk_noncrumbling_2, fountainhead,
          mrwooster_statue_mirror, uniq_terence, uniq_grinder, uniq_ijyb,
          uniq_sigmund
D:4:      layout_rooms

Skill      XL: |  1  2  3  4  5  6  7 |
---------------+----------------------+-----
Axes           | 3 5 6 7 |  7.6
Fighting       | 4 |  4.8
Armour         | 4 5 |  5.2
Dodging        | 1 |  1.0
Stealth        | |  0.4
Shields        | |  3.9

Action                   |  1- 3 |  4- 6 |  7- 9 || total
-------------------------+-------+-------+-------++-------
Melee: War axe           |   121 |    35 |    80 ||   236
       Unarmed           |       |       |     5 ||     5
       Peck              |       |       |     5 ||     5
  Use: Potion            |       |     3 |     2 ||     5
       Scroll            |       |       |     8 ||     8
Armor: Scale mail        |    51 |    11 |    45 ||   107
Dodge: Dodged            |    76 |    16 |    44 ||   136
Block: Buckler           |    33 |     6 |    25 ||    64
